 Dungeon Crawl Stone Soup version 0.21.0 (webtiles) character file.

312 Clarigatio the Caller (level 6, -8/42 HPs)
             Began as a Merfolk Summoner on Apr 4, 2018.
             Shot with an arrow by a centaur (14 damage)
             ... on level 5 of the Dungeon.
             The game lasted 00:37:52 (3003 turns).

Clarigatio the Caller (Merfolk Summoner)            Turns: 3003, Time: 00:37:53

Health: -8/42      AC:  2    Str:  9    XL:     6   Next: 42%
Magic:  3/12       EV: 13    Int: 16    God:
Gold:   234        SH:  0    Dex: 14    Spells: 7/13 levels left

rFire    . . .     SeeInvis .   w - +0 hunting sling
rCold    . . .     Gourm    .   (no shield)
rNeg     . . .     Faith    .   a - +0 robe
rPois    .         Spirit   .   (no helmet)
rElec    .         Reflect  .   (no cloak)
rCorr    .         Harm     .   (no gloves)
MR       .....                  (no boots)
Stlth    ++........             (no amulet)
HPRegen  0.14/turn              (no ring)
MPRegen  0.13/turn              (no ring)

@: no status effects
A: change form in water, swift swim, stealthy swim
a: no special abilities


You were on level 5 of the Dungeon.
You were not hungry.

You visited 1 branch of the dungeon, and saw 5 of its levels.

You collected 234 gold pieces.

Inventory:

Hand Weapons
 f - a +2 dagger of venom
 i - a +0 club
 w - a +0 hunting sling (weapon)
Missiles
 h - 147 stones
 o - 42 arrows
 s - 48 bolts
 t - 2 curare-tipped needles
 u - 46 sling bullets (quivered)
 v - 7 tomahawks
Armour
 a - a +0 robe (worn)
Wands
 q - a wand of disintegration (13)
Scrolls
 e - 3 scrolls of remove curse
 g - 5 scrolls of teleportation
 j - a scroll of identify
 k - a scroll of immolation {unknown}
 m - 2 scrolls of amnesia {unknown}
 n - 2 scrolls of fog {unknown}
 p - a scroll of fear {unknown}
Potions
 d - 2 potions of might
 l - a potion of heal wounds {unknown}
 x - 2 potions of curing
Books
 b - a book of Callings

   Spells                             Type                      Level
   a - Summon Small Mammal            Summoning                    1
   b - Call Imp                       Summoning                    2
   c - Call Canine Familiar           Summoning                    3
   d - Summon Guardian Golem          Hexes/Summoning              3
   e - Summon Lightning Spire         Summoning/Air                4
   f - Summon Ice Beast               Ice/Summoning                4
Comestibles
 c - 7 rations


   Skills:
 + Level 0.4 Fighting
 + Level 1.2 Short Blades
 + Level 3.2 Dodging
 + Level 3.6 Stealth
 + Level 4.0 Spellcasting
 + Level 5.4 Summonings


You had 7 spell levels left.
You knew the following spells:

 Your Spells              Type           Power        Failure   Level  Hunger
a - Summon Small Mammal   Summ           ###.         1%          1    None
b - Call Imp              Summ           ###.....     2%          2    ##.....
c - Call Canine Familiar  Summ           ###.....     5%          3    ###....


Dungeon Overview and Level Annotations

Branches:
Dungeon (5/15)
 Temple: D:4-7

Altars:
Gozag
Qazlal

Annotations:
D:5 Pikel


Message History

Confirm with . or Enter, or press ? or * to list all spells.
You hear a distant blaring wail to the south.
The dart slug barely misses your rat.
Your rat bites the dart slug.
Your hound bites the dart slug.
The dart slug closely misses your hound.
Your rat bites the dart slug.
The dart slug dies!
You start resting.
Your crimson imp blinks!
An arrow appears from out of your range of vision.
The arrow hits your hound!
An arrow appears from out of your range of vision.
The arrow hits your hound.
Your hound dies!
Your hound's corpse disappears in a puff of smoke!
The centaur shoots an arrow.
The arrow hits you!
* * * LOW HITPOINT WARNING * * *
The centaur shoots an arrow.
The arrow hits you!
You die...

#########
#...r...#
#...5@..#
#.......#
#......>#
#.......#
#.......#
#.......#
#.......#
#...c...#
#.......#


You could see a centaur, a friendly crimson imp and a friendly rat.

Vanquished Creatures
  A phantom (D:3)
  A worker ant (D:4)
  An adder skeleton (D:4)
  A bat (D:2)
  A giant cockroach (D:3)
  A goblin (D:3)
  5 hobgoblins
  A jackal (D:3)
  2 kobolds
  2 quokkas (D:2)
  A frilled lizard (D:3)
  A rat (D:1)
18 creatures vanquished.

Vanquished Creatures (collateral kills)
  2 ogres
  A scorpion (D:4)
  A crimson imp (D:4)
  Jessica (D:2)
  2 worker ants (D:4)
  A gnoll (D:2)
  3 adders
  An ooze (D:1)
  3 worms
  4 dart slugs
  A leopard gecko (D:2)
  A bat (D:3)
  2 giant cockroaches
  2 goblins
  2 hobgoblins (D:2)
  2 ball pythons
  2 frilled lizards
  7 kobolds
  A rat (D:1)
39 creatures vanquished.

Grand Total: 57 creatures vanquished

Notes
Turn   | Place    | Note
-------+----------+-------------------------------------------
     0 | D:1      | Clarigatio the Merfolk Summoner began the quest for the Orb.
     0 | D:1      | Reached XP level 1. HP: 13/13 MP: 3/3
   331 | D:1      | Reached XP level 2. HP: 19/19 MP: 5/5
   335 | D:1      | Learned a level 2 spell: Call Imp
   832 | D:2      | Reached XP level 3. HP: 9/24 MP: 6/6
  1269 | D:2      | Noticed Jessica
  1278 | D:2      | Killed Jessica
  1411 | D:2      | Reached XP level 4. HP: 29/30 MP: 7/7
  1419 | D:2      | Learned a level 3 spell: Call Canine Familiar
  1873 | D:3      | Noticed a phantom
  1876 | D:3      | Noticed an ogre
  1889 | D:3      | Killed an ogre
  1889 | D:3      | Reached skill level 5 in Summonings
  1937 | D:3      | Killed a phantom
  1937 | D:3      | Reached XP level 5. HP: 20/35 MP: 2/10
  2155 | D:4      | Found an opulent altar of Gozag.
  2456 | D:4      | Noticed an ogre
  2467 | D:4      | Killed an ogre
  2467 | D:4      | Reached XP level 6. HP: 30/41 MP: 6/11
  2654 | D:4      | Reached skill level 1 in Short Blades
  2932 | D:5      | Entered Level 5 of the Dungeon
  2935 | D:5      | Noticed a slave
  2935 | D:5      | Noticed a slave
  2941 | D:5      | Noticed Pikel
  2942 | D:5      | Noticed a slave
  2952 | D:5      | Noticed a slave
  2964 | D:5      | Found a stormy altar of Qazlal.
  3003 | D:5      | Shot with an arrow by a centaur

Skill      XL: |  1  2  3  4  5  6 |
---------------+-------------------+-----
Dodging        | 3 |  3.2
Spellcasting   | 3 4 |  4.0
Summonings     | 5 |  5.4
Stealth        | 3 |  3.6
Short Blades   | 1 |  1.2
Fighting       | |  0.4

Action                   |  1- 3 |  4- 6 || total
-------------------------+-------+-------++-------
Melee: Club              |    24 |       ||    24
       Dagger            |     4 |    27 ||    31
 Fire: Hunting sling     |       |     9 ||     9
Throw: Stone             |     6 |       ||     6
 Cast: Summon Small Mamm |    19 |     2 ||    21
       Call Imp          |    17 |    26 ||    43
       Call Canine Famil |       |    12 ||    12
  Use: Scroll            |       |     5 ||     5
 Stab: Sleeping          |     3 |     3 ||     6
  Eat: Chunk             |     2 |     3 ||     5
       Ration            |     1 |     1 ||     2
Armor: Robe              |     9 |     4 ||    13
Dodge: Dodged            |    30 |    31 ||    61
